Workbook
Name 第１号様式その１: '[1]1-1(新旧対照表)'!$A$1:$AC$45
Name 第１号様式その２: '[1]1-2(新旧対照表)'!$A$1:$AC$39
Name 第５号様式その２: #REF!
Name 第５号様式その２: #REF!
Name 第５号様式その２: #REF!
Name 第５号様式その２: #REF!
Name 第５号様式その２: #REF!
Name 第５号様式その２: #REF!
Name 第５号様式その２: #REF!
Name 第６号様式その１: '[1]6-1(新旧対照表)'!$A$1:$AE$46
Name 第６号様式その２: #REF!
Name 第６号様式その２: #REF!
Name 第６号様式その２: #REF!
Name 第６号様式その２: #REF!
Name 第７号様式: #REF!
Name 第７号様式: #REF!
Name 第７号様式: #REF!
Name 第７号様式: #REF!
Name 第７号様式: #REF!
Name 第７号様式: #REF!
Name 第７号様式: #REF!
Name 別表３の１: #REF!
Name 別表３の１: #REF!
Name 別表３の１: #REF!
Name 別表３の１: #REF!
Name 別表３の１: #REF!
Name 別表３の１: #REF!
Name 別表３の１: #REF!
Name 別表３の２: #REF!
Name 別表３の２: #REF!
Name 別表３の２: #REF!
Name 別表３の２: #REF!
Name 別表３の２: #REF!
Name 別表３の２: #REF!
Name 別表３の２: #REF!
Name 別表３の３: #REF!
Name 別表３の３: #REF!
Name 別表３の３: #REF!
Name 別表３の３: #REF!
Name 別表３の３: #REF!
Name 別表３の３: #REF!
Name 別表３の３: #REF!
Name 別表３の４: #REF!
Name 別表３の４: #REF!
Name 別表３の４: #REF!
Name 別表３の４: #REF!
Name 別表３の４: #REF!
Name 別表３の４: #REF!
Name 別表３の４: #REF!
Name 別表３の５: #REF!
Name 別表３の５: #REF!
Name 別表３の５: #REF!
Name 別表３の５: #REF!
Name 別表３の５: #REF!
Name 別表３の５: #REF!
Name 別表３の５: #REF!
Name 別表４: #REF!
Name 別表４: #REF!
Name 別表４: #REF!
Name 別表４: #REF!

Sheet 入札説明書
B1: 公立大学法人横浜市立大学告示 | N1: 90
B2: 一般競争入札（物品・委託等）の実施
B3: 公立大学法人横浜市立大学が行う物品、その他の調達等に係る契約について、次のとおり、
B4: 一般競争入札を実施します。
AV5: ☑
B6: 46276 | W6: 公立大学法人横浜市立大学理事長 近野 真一
A7: 入 札 説 明 書
B8: 契約番号 | I8: セ26005
B9: 件名 | J9: 【特定調達契約】 超電導磁石式全身用MR装置の購入 | AG9: 数量 | AJ9: 一式
B11: 入札実施 | J11: 46316 | W11: 午前９時00分
J12: 横浜市立大学附属市民総合医療センター（横浜市南区浦舟町４丁目５７番地）
B13: 日時・場所 | J13: 本館３階会議室
B14: 発注概要 | J14: ☑ | K14: 確定契約 | T14: □ | U14: 概算契約（概算数量契約）
J15: 放射線部で使用する超電導磁石式全身用MR装置一式の購入
B16: 停止条件 | I16: ―
B17: 調査基準価格 | I17: ―
B18: 履行(納入) | J18: □ | K18: 契約締結した日から | T18: 日以内 | X18: ☑ | Y18: 契約締結した日から | AF18: 令和９年3月31日 まで
B19: 期限･期間 | J19: □ | K19: 令和 | O19: 年 | R19: 月 | U19: 日から令和 | AA19: 年 | AD19: 月 | AG19: 日
B20: 履行(納入) | J20: 横浜市南区浦舟町４-57 横浜市立大学附属市民総合医療センター 放射線部
B21: 場所
B22: 支払条件 | I22: 前 金 払 | P22: ☑ | Q22: しない | W22: □ | X22: す る
I23: 部 分 払 | P23: ☑ | Q23: しない | W23: □ | X23: す る（ | AE23: 回以内） | AS23: □ | AU23: ☑
B24: 入札参加資格 | J24: ●「令和７･８年度横浜市一般競争入札有資格者名簿（物品・委託等）」に次の内容で 登録されている者 【営業種目】019：医療機械器具 【細目】A：医療機器 【所在地区分】市内・準市内・市外 【その他】 当該物品に係るメーカー・販売代理店等の引受証明を受けた者
I28: １ 横浜市指名停止等措置要綱に基づく一般競争参加停止及び指名停止措置を受けていない者
I29: ２ 公立大学法人横浜市立大学契約事務取扱規程第６条第２項の競争参加停止
I30: 措置の通知を受けていない者
B31: 入札時提出書類 | J31: ☑ | L31: 入札書のみ | R31: □ | T31: 入札書他（ | AO31: ）
B32: 資格確認時 提出書類 | J32: ●調達物件メーカーの発行する引受証明書 ※上記書類は開札後に提出。入札参加にあたり、事前手続きは要しない。 提出期限 入札実施日５日後の午後５時まで（土日祝日の場合その翌日）
B35: 仕様書の | J35: 公立大学法人横浜市立大学ホームページに掲載
B36: 閲覧 | J36: https://www.yokohama-cu.ac.jp/contract/index.html
I37: ※ | J37: 入札仕様書他は本件告示のＷＥＢサイトからダウンロード可能となっています。
B38: 仕様に関する | J38: 質問期限： | N38: 46301 | X38: 午後５時まで
B39: 質問受付 | J39: 質問受付： | N39: 横浜市立大学附属市民総合医療センター
N40: 経営企画課 経営企画担当 | AC40: （電話）０４５－２５３－５３２２
N41: （電子メールアドレス）ukeiyaku@yokohama-cu.ac.jp
I42: ※ | J42: 仕様（設計）に関する質問は、メールで上記までお送りいただき、その旨を電話で
J43: お知らせください。
J44: 回答期限： | N44: 46309 | X44: 午後５時まで
I45: ※ | J45: 仕様に関する回答は、質問期限後に全ての質問をまとめて回答期限までに本件告示
J46: のＷＥＢサイトに掲載します。
B47: 入札金額の | I47: 入札書には、入札者が消費税法第９条第１項規定の免税事業者であるか課税事業者で
B48: 記載方法 | I48: あるかを問わず、見積もった契約希望額の１１０分の１００に相当する金額を記載して
I49: ください。課税事業者の場合、消費税率は１０％で積算してください。
B50: 契約金額 | I50: 契約金額は、入札者が消費税法第９条第１項規定の免税事業者であるか課税事業者で
I51: あるかを問わず、入札書に記載された金額に当該金額の１００分の１０に相当する額
I52: （消費税額及び地方消費税相当額（当該金額に１円未満の端数があるときはその端数金額を
I53: 切り捨てた金額）。）を加えた金額とします。
B54: 公告後の 資格審査 | J54: 入札希望者が、令和７・８年度横浜市一般競争入札有資格者名簿（物品・委託等関係）に
J55: 登載されていない場合、または令和７・８年度横浜市一般競争入札有資格者名簿（物品・委
J56: 託等関係）に登載されている者で、上記「入札参加資格」に該当する営業種目及び細目に登
J57: 録がない場合は、下記申請窓口に事前に電話連絡のうえ、入札参加資格審査申請（特定調達
J58: 契約用）又は種目追加登録申請（特定調達契約用）を行ってください。
J59: ＜申請窓口＞
J60: 〒231-0005 横浜市中区本町６丁目50番地の10 市庁舎11階
J61: 横浜市財政局契約部契約第二課
J62: 電話 045-671-2248（物品契約係）・045-671-2186（委託契約係）
J63: ＜提出期間＞
J64: 告示日から | O64: 46289
J65: （休日等を除く毎日午前９時から正午まで及び午後１時から午後５時まで）
J66: ＜入札参加資格に関する通知＞
J67: 特定調達契約に係る一般競争入札有資格者名簿登載の審査結果通知書は、
J68: 令和8年10月5日（月）までに、上記申請窓口部署からe-mailで行います。
K69: 資格審査結果通知を入札書に同封してください。
J70: 入札に参加しようとする者は、次のいずれかの方法により、入札書を提出してください。
B71: 入札方法及び 入札期間等 | I71: １ 持参による入札書の提出
I72: （1） | K72: 入札日時 | O72: =J11 -> 46316 | X72: =W11 -> 午前９時00分
I73: （2） | K73: 入札場所 | O73: =J12 -> 横浜市立大学附属市民総合医療センター（横浜市南区浦舟町４丁目５７番地）
O74: =J13 -> 本館３階会議室
I75: ２ 郵送による入札
I76: （1） | K76: 対象
K77: 郵便入札は、原則として遠隔地（例えば日本国外等）にある者を対象とします。
K78: 郵便入札を行う場合は、末尾記載の契約担当課に事前に電話連絡をしてください。
K79: 電話連絡受付時間：土日祝日を除く平日午前９時から午後５時まで
I80: （2） | K80: 提出期限及び郵送先 | AW80: 236-0027
K81: 46315 | S81: 午後5時までに、以下の契約担当課に必着のこと。 | AW81: 236-0004
K82: 〒 | L82: 232-0024 | AW82: 232-0024
K83: 横浜市南区浦舟町4-57
K84: 横浜市立大学附属市民総合医療センター | AW84: 横浜市立大学
K85: 経営企画課経営企画担当 | U85: 宛て | AW85: 横浜市立大学附属病院
I86: （3） | K86: 方法 | AW86: 横浜市立大学附属市民総合医療センター
K87: 郵便入札は、書留郵便（一般書留・簡易書留）によらなければなりません。
K88: この書留郵便は、二重封筒とし、別紙様式による入札書を中封筒に入れ、封かんして | AW88: 横浜市金沢区瀬戸22-2
K89: ください。中封筒には契約番号、入札件名、入札参加者名及び入札日時を記入、入札書在 | AW89: 横浜市金沢区福浦3-9
K90: 中と朱書きし、封かんしてください。外封筒には表面に宛先とともに入札件名、入札実施 | AW90: 横浜市南区浦舟町4-57
K91: 日時を記入し、入札書在中と朱書きし、裏面に入札参加者名、差出人住所を記入してくだ
K92: さい。
K93: また、郵送した日に契約担当課に必ずメールにて入札書郵送連絡をしてください。
K94: 契約担当課 | O94: （電子メールアドレス）ukeiyaku@yokohama-cu.ac.jp | AV94: （電子メールアドレス）keiyaku@yokohama-cu.ac.jp
B95: 入札方法 | J95: 入札書の持参による一般競争入札 ※郵送による提出は認めません
J96: 本書記載の日時及び場所にお越しください。入札時限に遅れた場合は参加できません。
B97: 入札保証金 | J97: □ 入札金額の100分の5以上 | W97: ☑ 免除
J98: ※落札者の納付に係る入札保証金は、同者が契約を結ばないときは返還しない。
B99: 契約保証金 | J99: □ 契約金額の100分の10以上 | W99: ☑ 免除
J100: ※契約保証金は、納付した者が契約上の義務を履行しないときは返還しない。
B101: 取消等の禁止 | I101: 提出した入札書の引換え、変更又は取消しはできません。
B102: 無効の入札書 | J102: 次のいずれかに該当する場合は、無効となります。
I103: (1) | K103: 入札公告及び入札説明書に示した競争に参加する資格のない者の提出したもの
I104: (2) | K104: 指名競争の場合において、指名をしていない者の提出したもの
I105: (3) | K105: 購入等件名及び入札金額のないもの
I106: (4) | K106: 入札参加者本人の氏名（法人の場合は、その名称又は商号及び代表者の氏名）の
...

Sheet 質問書
B1: （第１号様式）
N2: 質 問 書
Y4: 令和 | AD4: 年 | AH4: 月 | AL4: 日
B5: (提出先)
B6: 公立大学法人横浜市立大学
B7: =入札説明書!N40 -> 経営企画課 経営企画担当
R8: (質問者)
Q9: 所 在 地
Q11: 商号又は名称
Q12: 代表者職氏名
D15: 契約番号 | I15: 件名 | M15: =入札説明書!J9 -> 【特定調達契約】 超電導磁石式全身用MR装置の購入
D16: =入札説明書!I8 -> セ26005
B19: 上記件名に係る契約について、次のとおり質問します。
B21: 部署 | U21: TEL
B22: 担当者氏名 | U22: メール
B24: 番号 | P24: 質問内容
C30: 仕様(設計)書の内容等について質問がある場合は、入札説明書に記載した質問締切日時までに、質問内容を記載したこの用紙をメールで送信し、その旨を電話でお知らせください。 質問欄が足りない場合は、適宜行を挿入して記入してください。 また、別紙に質問を記入した場合は、本様式に添付してお送りください。
B31: 【送信先】 | G31: 公立大学法人横浜市立大学附属市民総合医療センター 経営企画課経営企画担当
D32: =入札説明書!N41 -> （電子メールアドレス）ukeiyaku@yokohama-cu.ac.jp | Z32: =入札説明書!AC40 -> （電話）０４５－２５３－５３２２
C33: 質問がない場合は、質問書の提出は不要です。
B34: 【注意事項】
B35: 質問書には、告示で掲出している仕様（設計）書、図書資料についての質問を記載してください。
B36: 入札や契約に係る事務手続きなどは質問書に記載せず、入札説明書記載の契約担当課へご連絡
B37: ください。

Sheet 入札書
A1: （第２号様式） | AC1: （ | AE1: 第 | AJ1: 回 | AL1: ）
N3: 入札書
Y5: 令和 | AD5: 年 | AH5: 月 | AL5: 日
B6: (あて先)
B7: 公立大学法人横浜市立大学
B8: 理事長
O9: 所 在 地
O11: 商号又は名称
O13: 代表者職氏名
O15: 代理人氏名 （対面入札のみ）
C18: 次の金額で、関係書類を熟覧の上、公立大学法人横浜市立大学契約事務取扱規程を
B19: 遵守し入札します。
B21: 金額 | I21: 億 | L21: 千 | O21: 百 | R21: 十 | U21: 万 | X21: 千 | AA21: 百 | AD21: 十 | AG21: 円
B25: （入札金額＝契約希望金額×100／110とし、総価を記入）
B27: 郵便入札のみ くじ番号 | Y27: 郵便入札の場合は、 任意の３桁の数字を記入
C29: 契約番号 | H29: 件名 | M29: =入札説明書!J9 -> 【特定調達契約】 超電導磁石式全身用MR装置の購入
C30: =入札説明書!I8 -> セ26005
M33: 契約担当者欄 | O33: （契約担当者部署名）
O34: （フリガナ）
O35: （契約担当者氏名）
O36: （契約担当者TEL）
O37: （契約担当者メール）
B38: （注意）
C39: 1 | D39: 入札書に記載する金額は総価とし、消費税法第９条第１項規定の免税事業者であるか課税事業者であるかを問わず、見積もった契約希望額の110分の100に相当する金額を記載してください。契約金額は、入札書記載金額に当該金額の100分の10に相当する額を加算した金額（その額に１円未満の端数があるときは、当該端数金額を切り捨てた額）とします。
C40: 2 | D40: 郵便入札の場合、くじ番号は000から999の範囲内で、３桁の数字を記入してください。くじ番号が不明瞭又は未記入の場合は、該当部分に「９」を割り当てます。
C41: 3 | D41: 鉛筆、その他容易に消去可能な筆記具を使用して記載した場合、無効となります。

Sheet 開札立会申請書
A2: 開 札 立 会 申 請 書
X5: 令和 | AB5: 年 | AF5: 月 | AJ5: 日
B6: (あて先)
B7: 公立大学法人横浜市立大学
B8: 理事長 二 見 良 之
C11: 以下の入札の開札立会を希望しますので、申請いたします。
C13: 契約番号 | I13: 件名 | N13: =入札説明書!J9 -> 【特定調達契約】 超電導磁石式全身用MR装置の購入
C14: =入札説明書!I8 -> セ26005
C16: 開札日時 | I16: 令和 | N16: 年 | R16: 月 | V16: 日
C18: 申請者住所 | I18: 〒
C20: 申請者商号
C21: 又は名称
C22: 立会参加者 | I22: 部署名 | Y22: 氏名
C24: 立会参加者 | U24: 立会参加者
C25: ＴＥＬ | U25: ＦＡＸ
C26: 立会参加者
C27: メール
A35: （注意）
B36: 1 | C36: 開札の立ち合い希望のため、札入れはできません。
B37: 2

Sheet 入札書 (記入例) 
AC1: （ | AE1: 第 | AG1: 1 | AJ1: 回 | AL1: ）
N3: 入札書
Y5: 令和 | AB5: * | AD5: 年 | AF5: * | AH5: 月 | AJ5: * | AL5: 日
B6: (あて先)
B7: 公立大学法人横浜市立大学
Q9: 所 在 地 | X9: ◎◎◎○○区△△1-1
X10: ☆☆ビル
Q11: 商号又は名称 | X11: ■■■■株式会社
Q13: 代表者職氏名 | X13: 代表取締役 ◇◇ ◇◇
Q15: 代理人氏名 （対面入札のみ） | X15: ■■■■株式会社 ▽▽▽▽支店長 ○○ ●●●
A19: 次の金額で、関係書類を熟覧の上、公立大学法人横浜市立大学契約事務取扱規程を
A20: 遵守し入札します。
B22: 金額 | I22: 億 | L22: 千 | O22: 百 | R22: 十 | U22: 万 | X22: 千 | AA22: 百 | AD22: 十 | AG22: 円
I23: ￥ | L23: * | O23: * | R23: * | U23: * | X23: * | AA23: * | AD23: * | AG23: *
B26: （入札金額＝契約希望金額×100／110とし、総価を記入）
B28: 郵便入札のみ くじ番号 | I28: 1 | N28: 2 | S28: 3 | Y28: 郵便入札の場合は、 任意の３桁の数字を記入
C30: 契約番号 | H30: 件名 | M30: ●●●●●●
C31: ××××
M34: 契約担当者欄 | O34: （契約担当者部署名）
O35: （フリガナ）
O36: （契約担当者氏名）
O37: （契約担当者TEL）
O38: （契約担当者メール）
B39: （注意）
C40: 1 | D40: 入札書に記載する金額は総価とし、消費税法第９条第１項規定の免税事業者であるか課税事業者であるかを問わず、見積もった契約希望額の110分の100に相当する金額を記載してください。契約金額は、入札書記載金額に当該金額の100分の10に相当する額を加算した金額（その額に１円未満の端数があるときは、当該端数金額を切り捨てた額）とします。
C41: 2 | D41: 郵便入札の場合、くじ番号は000から999の範囲内で、３桁の数字を記入してください。くじ番号が不明瞭又は未記入の場合は、該当部分に「９」を割り当てます。
C42: 3 | D42: 鉛筆、その他容易に消去可能な筆記具を使用して記載した場合、無効となります。

Sheet 入札書【値引率】
A1: （第２号様式） | AF1: （第 回）
N3: 入札書
AL5: 令和 年 月 日
B6: (あて先)
B7: 公立大学法人横浜市立大学
B8: 理事長
Q9: 所 在 地
Q11: 商号又は名称
Q13: 代表者職氏名
Q15: 代理人氏名 （対面入札のみ）
A18: 次の値引率で、関係書類を熟覧の上、公立大学法人横浜市立大学契約事務取扱規程を遵守し入札
A19: します。
C21: 契約番号 | H21: 件名 | M21: =入札説明書!J9 -> 【特定調達契約】 超電導磁石式全身用MR装置の購入
C22: =入札説明書!I8 -> セ26005
F26: 入札金額 | O26: 値引率 | Z26: パーセント
W27: ．
C29: 入札の方法：図書の本体価格（消費税及び地方消費税相当額を含まない金額）に対する
C30: 値引額の割合（値引率）を入札金額とする。
C31: 値引率の記載方法：値引率は、小数点以下第１位まで、「○○．○パーセント」のように
C32: 記載すること。
C33: 落札者の決定方法：図書の購入価格が、予定価格以下の価格において最低の価格
C34: となる値引率（図書の本体価格に対する値引額の割合）で入札した者を落札候補者とする。
B37: 郵便入札のみ くじ番号記入 | Y37: 郵便入札の場合は、 任意の３桁の数字を記入
O39: （契約担当者部署名）
O40: （フリガナ）
O41: （契約担当者氏名）
O42: （契約担当者TEL）
O43: （契約担当者メール）
B44: （注意）
C45: 1 | D45: 郵便入札の場合、くじ番号は000から999の範囲内で、３桁の数字を記入してください。くじ番号が不明瞭又は未記入の場合は、該当部分に「９」を割り当てます。
C46: 2 | D46: 鉛筆、その他容易に消去可能な筆記具を使用して記載した場合、無効となります。

Sheet 委任状
A1: （第３号様式）
A3: 委 任 状 | AO3: 委任状は、入札書を持参する入札（対面入札）のみ必要です。
X6: 令和 | AB6: 年 | AF6: 月 | AJ6: 日
B8: (あて先)
B9: 公立大学法人横浜市立大学
B10: 理事長
Q13: 所 在 地
Q15: 商号又は名称
Q17: 代表者職氏名
B22: 私は、 | P22: を代理人と定め、次の権限を委任します。
P25: 委 任 事 項
C28: 契約番号 | I28: 件名 | N28: =入札説明書!J9 -> 【特定調達契約】 超電導磁石式全身用MR装置の購入
C29: =入札説明書!I8 -> セ26005
B33: 令和 | F33: 年 | I33: 月 | L33: 日 | M33: に公立大学法人横浜市立大学が行う上記件名の入札及び見積り
A34: に関する一切の権限

Sheet 引受証明書
Y1: 令和 | AB1: 年 | AF1: 月 | AJ1: 日
N3: 引受証明書
B4: （あて先）
B5: 公立大学法人横浜市立大学
B6: 理事長
S7: （証明者）
S8: 所在地
S9: 商号又は名称
S11: 代表者職氏名
O12: （担当者）
O13: （担当部署）
O14: （フリガナ）
O15: （担当者氏名）
O16: （担当者TEL）
O17: （担当者メール）
B19: =入札説明書!B6 -> 46276 | K19: 告示番号 | P19: =入札説明書!N1 -> 90 | T19: で公表（告示）された次の調達案件に関し、
A20: （入札参加者） | S20: が落札の際には、仕様書に記載の物品について、
A21: 期限（期間）を厳守し供給することを証明します。
B23: 契約番号 | I23: 件名 | K23: =入札説明書!J9 -> 【特定調達契約】 超電導磁石式全身用MR装置の購入
B24: =入札説明書!I8 -> セ26005
A26: 1 | C26: 品名等の内訳
C27: 品名 | R27: メーカー・型番・仕様等 | AG27: 数量
A35: 2 | C35: 入札参加者に供給する期限・期間 | AU35: □
B36: □ | D36: 令和 | I36: 年 | M36: 月 | Q36: 日 | AU36: ☑
B37: □ | D37: 契約締結した日から | O37: 日以内
B38: □ | D38: 契約締結した日から令和 | Q38: 年 | U38: 月 | Y38: 日まで
A40: 3 | C40: 自己証明 | G40: （※証明者と入札参加者が同一の場合のみ記載してください。） | AU40: □
B41: □ | D41: メーカー | I41: □ | K41: 販売代理店 | Q41: □ | S41: 特約店 | W41: □ | Y41: その他 | AU41: ☑
B42: 上記により、本引受証明書は自己証明となります。
A44: ① | C44: 証明者欄は、メーカー、販売代理店、特約店等の、入札参加者に対して当該物品を供給する者（支社、
C45: 支店等でも可）が記載してください。（自己証明不可。ただし、入札に参加する者がメーカー、販売代理店、
C46: 特約店等の場合は３を漏れなく記入してください。）
A47: ② | C47: 品名等の内訳欄には、仕様書に基づいて、供給物品ごとに品名、メーカー・型番（仕様等）、
C48: 数量を記載してください。枠内に記載しきれない場合、内訳書を別途作成し添付してください。

Sheet 引受証明書 (記入例) 
Y1: 令和 | Z1: * | AB1: 年 | AD1: * | AF1: 月 | AH1: * | AJ1: 日 | BL1: 令和 | BM1: * | BO1: 年 | BQ1: * | BS1: 月 | BU1: * | BW1: 日
N3: 引受証明書 | BA3: 引受証明書
B4: （あて先） | AO4: （あて先）
B5: 公立大学法人横浜市立大学 | AO5: 公立大学法人横浜市立大学
B6: 理事長 | AO6: 理事長
S7: （証明者） | Y7: ◎◎◎○○区△△1-1 | BF7: （証明者） | BL7: ◎◎◎○○区△△1-1
S8: 所在地 | BF8: 所在地
S9: 商号又は名称 | Y9: 株式会社Ｂ | BF9: 商号又は名称 | BL9: 株式会社Ｂ
S11: 代表者職氏名 | Y11: 代表取締役 ◇◇◇◇ | BF11: 代表者職氏名 | BL11: 代表取締役 ◇◇◇◇
O12: （担当者） | BB12: （担当者）
O13: （担当部署） | X13: ○○課●●係 | BB13: （担当部署） | BK13: ○○課●●係
O14: （フリガナ） | X14: ショウメイ タントウ | BB14: （フリガナ） | BK14: ショウメイ タントウ
O15: （担当者氏名） | X15: 証明 担当 | BB15: （担当者氏名） | BK15: 証明 担当
O16: （担当者TEL） | X16: 045-123-4567 | BB16: （担当者TEL） | BK16: 045-123-4567
O17: （担当者メール） | X17: ○○●●＠■■■■kk.co.jp | BB17: （担当者メール） | BK17: ○○●●＠■■■■kk.co.jp
B19: 令和●年●月●日 | K19: 告示番号 | P19: 1 | T19: で公表（告示）された次の調達案件に関し、 | AO19: 令和●年●月●日 | AX19: 告示番号 | BC19: 1 | BG19: で公表（告示）された次の調達案件に関し、
A20: （入札参加者） | H20: Ａ株式会社 | S20: が落札の際には、仕様書に記載の物品について、 | AN20: （入札参加者） | AU20: 株式会社Ｂ | BF20: が落札の際には、仕様書に記載の物品について、
A21: 期限（期間）を厳守し供給することを証明します。 | AN21: 期限（期間）を厳守し供給することを証明します。
B23: 契約番号 | I23: 件名 | K23: ●●●●●●●●●●●●●●●一式の購入 | AO23: 契約番号 | AV23: 件名 | AX23: ●●●●●●●●●●●●●●●一式の購入
B24: セ×××× | AO24: セ××××
A26: 1 | C26: 品名等の内訳 | AN26: 1 | AP26: 品名等の内訳
C27: 品名 | R27: メーカー・型番・仕様等 | AG27: 数量 | AP27: 品名 | BE27: メーカー・型番・仕様等 | BT27: 数量
C28: ●●●●●● （HDD付） | R28: Ｂ社製 ABC-D-EF-122 | AG28: 一式 | AP28: ●●●●●● （HDD付） | BE28: Ｂ社製 ABC-D-EF-122 | BT28: 一式
A35: 2 | C35: 入札参加者に供給する期限・期間 | AN35: 2 | AP35: 入札参加者に供給する期限・期間 | CH35: □
B36: □ | D36: 令和 | I36: 年 | M36: 月 | Q36: 日 | AO36: □ | AQ36: 令和 | AV36: 年 | AZ36: 月 | BD36: 日 | CH36: ☑
B37: ☑ | D37: 契約締結した日から | M37: 30 | O37: 日以内 | AO37: ☑ | AQ37: 契約締結した日から | AZ37: 30 | BB37: 日以内
B38: □ | D38: 契約締結した日から令和 | Q38: 年 | U38: 月 | Y38: 日まで | AO38: □ | AQ38: 契約締結した日から令和 | BD38: 年 | BH38: 月 | BL38: 日まで
A40: 3 | C40: 自己証明 | AN40: 3 | AP40: 自己証明 | CH40: □
B41: □ | D41: メーカー | I41: □ | K41: 販売代理店 | Q41: □ | S41: 特約店 | W41: □ | Y41: その他 | AO41: ☑ | AQ41: メーカー | AV41: □ | AX41: 販売代理店 | BD41: □ | BF41: 特約店 | BJ41: □ | BL41: その他 | CH41: ☑
B42: 上記により、本引受証明書は自己証明となります。 | AO42: 上記により、本引受証明書は自己証明となります。
A44: ① | C44: 証明者欄は、メーカー、販売代理店、特約店等の、入札参加者に対して当該物品を供給する者（支社、 | AN44: ① | AP44: 証明者欄は、メーカー、販売代理店、特約店等の、入札参加者に対して当該物品を供給する者（支社、
C45: 支店等でも可）が記載してください。（自己証明不可。ただし、入札に参加する者がメーカー、販売代理店、 | AP45: 支店等でも可）が記載してください。（自己証明不可。ただし、入札に参加する者がメーカー、販売代理店、
C46: 特約店等の場合は３を漏れなく記入してください。） | AP46: 特約店等の場合は３を漏れなく記入してください。）
A47: ② | C47: 品名等の内訳欄には、仕様書に基づいて、供給物品ごとに品名、メーカー・型番（仕様等）、 | AN47: ② | AP47: 品名等の内訳欄には、仕様書に基づいて、供給物品ごとに品名、メーカー・型番（仕様等）、
C48: 数量を記載してください。枠内に記載しきれない場合、内訳書を別途作成し添付してください。 | AP48: 数量を記載してください。枠内に記載しきれない場合、内訳書を別途作成し添付してください。

Sheet 業務受注経歴書
AG1: 令和 | AL1: 年 | AP1: 月 | AT1: 日
A3: 業務受注経歴書
A5: (あて先)
A6: 公立大学法人横浜市立大学理事長
V8: 所 在 地
V9: 商号又は名称
V11: 代表者職氏名
B13: 契約番号 | H13: =入札説明書!I8 -> セ26005 | Q13: 件名 | V13: =入札説明書!J9 -> 【特定調達契約】 超電導磁石式全身用MR装置の購入
B16: =入札説明書!B6 -> 46276 | N16: 付告示 | R16: =入札説明書!N1 -> 90 | W16: の上記入札案件について、次のとおり
B17: 業務受注経歴があり、当該案件に係る契約の履行が可能です。
B19: 受注経歴を記入してください。
B20: 発注者 | L20: 件名 | U20: 業務内容 | AF20: 契約金額(千円) | AN20: 履行期間
C25: （注意）１ 本件と同規模の受注（発注者は、大学図書館・又は公共図書館とします）について、完了した ものを記載してください（発注者が本学である受注については、履行中のものも記載すること ができます）。 ２ 経歴欄に記入しきれない場合は、必要に応じて資料を添付してください。

Sheet 図書納入受注経歴書
AI1: 令和 年 月 日
A3: 図書納入受注経歴書
A5: (あて先)
A6: 公立大学法人横浜市立大学理事長
V8: 所 在 地
V9: 商号又は名称
V11: 代表者職氏名
B14: 契約番号 | H14: =入札説明書!I8 -> セ26005 | Q14: 件名 | V14: =入札説明書!J9 -> 【特定調達契約】 超電導磁石式全身用MR装置の購入
B17: =入札説明書!B6 -> 46276 | N17: 付告示 | R17: =入札説明書!N1 -> 90 | W17: の上記入札案件について、次のとおり受注経歴があり、
B18: 当該案件に係る契約の履行が可能です。
B20: 納入実績を記入してください。
B21: 発注者 | O21: 件名 | Z21: タイトル数 | AF21: 契約金額(千円) | AN21: 履行期間
C39: （注意）１ 本件と同規模（タイトル数、金額）の受注（発注者は、官公庁・民間、大学図書館・その他 を問いません。）について、完了したものを記載してください。（発注者が本学である受注に ついては、履行中のものも記載することができます。） ２ 経歴欄に記入しきれない場合は、必要に応じて資料を添付してください。

Sheet 封筒貼付用ラベル
A1: 【入札用ラベル】点線から切り取り、各封筒に貼付のうえ、ご使用ください。
A2: なお、入札参加者名には会社名等の団体名をご記入ください。 ※使用は必須ではありません
A3: 中封筒貼付用ラベル（ヨコ） | Z3: 外封筒貼付用ラベル（ヨコ）
Z6: 封筒オモテ貼付
B7: 契約番号 | I7: =入札説明書!I8 -> セ26005 | AA7: 入札件名 | AH7: =I9 -> 【特定調達契約】 超電導磁石式全身用MR装置の購入
B9: 入札件名 | I9: =入札説明書!J9 -> 【特定調達契約】 超電導磁石式全身用MR装置の購入 | AA9: 入札日時 | AH9: ① | AJ9: =K14 -> 46316 | AQ9: =K15 -> 午前９時00分
AH10: ② | AJ10: =K16 -> #REF! | AQ10: =K17 -> #REF!
B11: 入札参加者名 （社名）
Z12: 封筒ウラ貼付
AA13: 住所
B14: 入札日時 | I14: ① | K14: =入札説明書!J11 -> 46316
K15: =入札説明書!W11 -> 午前９時00分 | AA15: 入札参加者名 （社名）
I16: ② | K16: =入札説明書!#REF! -> #REF!
K17: =入札説明書!#REF! -> #REF!
A20: 中封筒貼付用ラベル（タテ） | T20: 外封筒貼付用ラベル（タテ） | AS20: ※別途、中・外封筒ともに「入札書在中」と朱書きしてください
AG23: 封筒ウラ貼付 | AQ23: 封筒オモテ貼付
B24: 入札日時 | F24: 入札参加者名 （社名） | L24: 入札件名 | P24: 契約番号 | U24: 入札参加者名 （社名） | AA24: 住所 | AI24: 入札日時 | AM24: 入札件名
B31: ① | L31: =I9 -> 【特定調達契約】 超電導磁石式全身用MR装置の購入 | P31: =I7 -> セ26005 | AI31: ① | AM31: =I9 -> 【特定調達契約】 超電導磁石式全身用MR装置の購入
B33: =K15 -> 午前９時00分 | D33: =K14 -> 46316 | AI33: =K15 -> 午前９時00分 | AK33: =K14 -> 46316
B44: ② | AI44: ②
B46: =K17 -> #REF! | D46: =K16 -> #REF! | AI46: =K17 -> #REF! | AK46: =K16 -> #REF!
